 Dungeon Crawl Stone Soup version 0.25-a0-589-g1e14c549ee (webtiles) character file.

Game seed: 11777187896833333480, levelgen mode: deterministic

63 Kohma the Slasher (level 3, -1/28 HPs)
             Began as a Demonspawn Gladiator on Mar 11, 2020.
             Slain by Terence
             ... wielding a +2 hand axe of electrocution
              (4 damage)
             ... on level 2 of the Dungeon.
             The game lasted 00:02:12 (750 turns).

Kohma the Slasher (Demonspawn Gladiator)             Turns: 750, Time: 00:02:13

Health: -1/28      AC:  5    Str: 14    XL:     3   Next: 89%
Magic:  3/3        EV: 13    Int: 10    God:
Gold:   82         SH:  0    Dex: 14    Spells: 2/2 levels left

rFire    . . .     SeeInvis .   i - +2 whip (venom)
rCold    . . .     Gourm    .   (no shield)
rNeg     . . .     Faith    .   b - +0 leather armour
rPois    .         Spirit   .   (helmet restricted)
rElec    .         Reflect  .   (no cloak)
rCorr    .         Harm     .   (no gloves)
MR       .....                  (no boots)
Stlth    +.........             (no amulet)
HPRegen  0.09/turn              (no ring)
MPRegen  0.08/turn              (no ring)

@: no status effects
A: antennae 1, iridescent scales 1
a: no special abilities


You were on level 2 of the Dungeon.
You were not hungry.

You visited 1 branch of the dungeon, and saw 2 of its levels.

You collected 82 gold pieces.

Inventory:

Hand Weapons
 a - a +0 long sword
 i - a +2 whip of venom (weapon)
Missiles
 d - 3 throwing nets (quivered)
 q - 7 poisoned darts
Armour
 b - a +0 leather armour (worn)
 c - a +0 helmet
Jewellery
 k - an uncursed ring of protection from magic {unknown}
Scrolls
 j - 2 scrolls of remove curse {unknown}
 l - 2 scrolls of enchant weapon {unknown}
 n - a scroll of identify {unknown}
 o - a scroll of fear {unknown}
 p - a scroll of immolation {unknown}
Potions
 e - 2 potions of curing
 g - a potion of magic {unknown}
 h - 2 potions of flight {unknown}
 r - a potion of might {unknown}
 s - a potion of invisibility {unknown}
Comestibles
 f - 4 rations
 m - 5 chunks of flesh


   Skills:
 + Level 2.8 Fighting
 * Level 3.7 Long Blades
 - Level 1.7 Throwing
 - Level 3.0 Dodging


You had 2 spell levels left.
You didn't know any spells.
Your spell library was empty.

Dungeon Overview and Level Annotations

Branches:
Dungeon (2/15)

Altars:

Annotations:
D:2 Terence


Innate Abilities, Weirdness & Mutations

You have a pair of small antennae on your head.
You are partially covered in iridescent scales. (AC +2)


Message History

You see here an adder skeleton.
You see here an adder corpse.
You butcher the adder corpse.
m - 5 chunks of flesh (gained 2)
You see here an adder skeleton.
There is a stone staircase leading down here.
Found 13 stones and 9 gold pieces.
l - 2 scrolls labeled XOSALO NARA (gained 1)
You now have 82 gold pieces (gained 9).
Terence the Incautious comes into view.
He is wielding a +2 hand axe of electrocution.
Terence shouts!
Terence hits you with a +2 hand axe of electrocution.
You are electrocuted!!
Ouch! That really hurt!
* * * LOW HITPOINT WARNING * * *
You hit Terence.
Terence is moderately wounded.
Terence says, "Rest in peace."
Terence hits you with a +2 hand axe of electrocution.
You die...

.# .# .######. #.#
.....##.##.# .....#
..#.#######+##### .....#
#.#.#...........# .#
#.#.#...........#
.#######...#...........#
<..........#....@@.....#
.......÷..>............#
.......÷.÷##...........#
..........##......(....#
########################
#


You could see Terence.

Vanquished Creatures
  2 adders (D:2)
  2 gnolls (D:1)
  An ooze (D:2)
  A dart slug (D:1)
  A ball python (D:1)
  2 giant cockroaches (D:1)
  2 goblins (D:1)
  2 hobgoblins (D:1)
  A kobold (D:1)
  3 bats
  7 rats
24 creatures vanquished.

Notes
Turn   | Place    | Note
-------+----------+-------------------------------------------
     0 | D:1      | Kohma the Demonspawn Gladiator began the quest for the Orb.
     0 | D:1      | Reached XP level 1. HP: 16/16 MP: 1/1
   129 | D:1      | Gained mutation: You have a pair of small antennae on your
                  | head. [demonic ancestry]
   129 | D:1      | Reached XP level 2. HP: 14/22 MP: 2/2
   286 | D:1      | Gained mutation: You are partially covered in iridescent
                  | scales. (AC +2) [demonic ancestry]
   286 | D:1      | Reached XP level 3. HP: 19/28 MP: 3/3
   746 | D:2      | Noticed Terence
   750 | D:2      | Slain by Terence

Levels and vault maps discovered:
D:1:      nzn_arrival_crosshair, layout_rooms
D:2:      layout_basic, nicolae_overflow_crystal_walls,
          kennysheep_generic_room_16, uniq_terence

Skill      XL: |  1  2 |
---------------+-------+-----
Long Blades    | 3 |  3.7
Dodging        | 3 |  3.0
Fighting       | |  2.8
Throwing       | |  1.7

Action                   || total
-------------------------++-------
Melee: Long sword        ||    10
       Whip              ||    46
  Use: Potion            ||     1
Armor: Leather armour    ||    11
Dodge: Dodged            ||    45
       Rpst.: Long sword ||     1

Table legend:
 A = Non-vault XP
 B = Vault XP
 C = Vault XP percentage of total XP
 D = Non-vault monster count
 E = Vault monster count
 F = Vault count percentage of total count
                 A         B        C        D         E       F
            +---------+---------+-------+---------+---------+-------
      Total |      91 |       0 |   0.0 |      24 |       0 |   0.0
            +---------+---------+-------+---------+---------+-------
        D:1 |      55 |       0 |   0.0 |      18 |       0 |   0.0
        D:2 |      36 |       0 |   0.0 |       6 |       0 |   0.0
            +---------+---------+-------+---------+---------+-------
